 Dungeon Crawl Stone Soup version 0.21.1-1-g345015f (console) character file.

7764 fly the Destroyer (level 11, -2/117 HPs)
             Began as an Ogre Wizard on May 26, 2018.
             Was a High Priest of Okawaru.
             Killed from afar by a gargoyle (19 damage)
             ... with a stone arrow
             ... on level 10 of the Dungeon.
             The game lasted 01:01:52 (15468 turns).

fly the Destroyer (Ogre Wizard)                    Turns: 15468, Time: 01:01:52

Health: -2/117     AC:  8    Str: 13    XL:     11   Next: 20%
Magic:  20/39      EV: 12    Int: 19    God:    Okawaru [*****.]
Gold:   299        SH:  0    Dex: 10    Spells: 19/28 levels left

rFire    + . .     SeeInvis .   a - staff of power
rCold    + + .     Gourm    .   (no shield)
rNeg     . . .     Faith    .   y - +2 robe {rC+ rF+}
rPois    .         Spirit   .   e - +0 hat
rElec    .         Reflect  .   q - +2 cloak
rCorr    .         Harm     .   (gloves unavailable)
MR       +....                  (boots unavailable)
Stlth    ++........             I - amulet of regeneration
HPRegen  0.69/turn              A - ring of protection from cold
MPRegen  0.26/turn              (no ring)

@: no status effects
A: large, unfitting armour, tough skin 1
a: Heroism, Finesse, Renounce Religion


You were on level 10 of the Dungeon.
You worshipped Okawaru.
Okawaru was extremely pleased with you.
You were very hungry.

You visited 2 branches of the dungeon, and saw 11 of its levels.

You collected 410 gold pieces.
You spent 111 gold pieces at shops.

Inventory:

Hand Weapons
 b - a +2 whip of venom
 c - a +3 quarterstaff of chaos
 D - a +3 hand axe
Armour
 e - a +0 hat (worn)
 q - a +2 cloak (worn)
 y - a +2 robe of resistance (worn)
Magical Staves
 a - an uncursed staff of power (weapon)
 v - an uncursed staff of conjuration
Jewellery
 A - a ring of protection from cold (left hand)
 I - an amulet of regeneration (around neck)
Wands
 m - a wand of flame (25)
 r - a wand of paralysis (6)
 B - a wand of clouds (6)
Scrolls
 f - 2 scrolls of fear
 h - 4 scrolls of magic mapping
 i - 2 scrolls of fog
 j - 3 scrolls of amnesia
 l - 6 scrolls of remove curse
 u - 3 scrolls of teleportation
 x - 2 scrolls of immolation {unknown}
 F - a scroll of noise {unknown}
 G - 3 scrolls of blinking {unknown}
 J - a scroll of enchant weapon {unknown}
 K - a scroll of identify
Potions
 g - 2 potions of might {unknown}
 k - a potion of berserk rage {unknown}
 n - 3 potions of degeneration {unknown}
 o - 2 potions of mutation {unknown}
 s - a potion of flight {unknown}
 t - a potion of lignification {unknown}
 w - a potion of haste
 C - 2 potions of cancellation {unknown}
Books
 z - a book of Minor Magic

   Spells                             Type                      Level
   a - Magic Dart                     Conjuration                  1
   b - Blink                          Translocation                2
   c - Call Imp                       Summoning                    2
   d - Slow                           Hexes                        2
   e - Conjure Flame                  Conjuration/Fire             3
   f - Mephitic Cloud                 Conjuration/Poison/Air       3
 E - a Young Poisoner's Handbook

   Spells                             Type                      Level
   a - Sting                          Conjuration/Poison           1
   b - Poisonous Vapours              Poison/Air                   2
   c - Mephitic Cloud                 Conjuration/Poison/Air       3
   d - Olgreb's Toxic Radiance        Poison                       4
   e - Venom Bolt                     Conjuration/Poison           5
Miscellaneous
 H - a lamp of fire
Comestibles
 d - 21 rations


   Skills:
 - Level 10.0 Fighting
 - Level 6.0 Dodging
 - Level 1.4 Stealth
 - Level 9.0 Spellcasting
 + Level 10.6 Conjurations
   Level 0.8 Summonings
 - Level 0.8 Translocations


You had 19 spell levels left.
You knew the following spells:

 Your Spells              Type           Power        Failure   Level  Hunger
b - Blink                 Tloc           N/A          9%          2    None
c - Conjure Flame         Conj/Fire      ####....     2%          3    None
f - Mephitic Cloud        Conj/Pois/Air  ###.....     5%          3    None
z - Magic Dart            Conj           ####         1%          1    None


Dungeon Overview and Level Annotations

Branches:
Dungeon (10/15)            Temple (1/1) D:4             Orc (0/2) D:9
   Lair: D:8-11

Altars:
Ashenzari
Cheibriados
Dithmenos
Elyvilon
Fedhas
Gozag
Hepliaklqana
Kikubaaqudgha
Makhleb
Nemelex Xobeh
Okawaru
Qazlal
Ru
Sif Muna
Trog
Uskayaw
Vehumet
Wu Jian
Xom
Yredelemnul
Zin
The Shining One

Shops:
D:4 [

Annotations:
D:10 bmj180's ghost, journeyman HOFi


Innate Abilities, Weirdness & Mutations

You are too large for most types of armour.
You have tough skin. (AC +1)


Message History

There is a large open door here.
There is a large open door here.
Casting: Mephitic Cloud
Confirm with . or Enter, or press ? or * to list all spells.
Aiming: Magic Dart
Press: ? - help, Shift-Dir - straight line, f - gargoyle
Aim: a gargoyle, wielding a flail (severely damaged)
The magic dart hits the gargoyle.
The gargoyle is severely damaged.
The orc misses you.
Casting: Magic Dart
Confirm with . or Enter, or press ? or * to list all spells.
Aiming: Magic Dart
Press: ? - help, Shift-Dir - straight line, f/p - gargoyle
Aim: a gargoyle, wielding a flail (severely damaged)
The magic dart hits the gargoyle.
The gargoyle is severely damaged.
The gargoyle hurls a stone arrow at you.
The stone arrow hits you!
You die...

#.##.............#.
....##..#######.#######.
..........W.s9<.........
...$###.#######..######.
....###..######..######.
. #..........#..##.....
#..........#..##.....
#..........#..##.....
#...@......#..#######
####...o......#..# ###
.........'####.... .)#
###......'.# #$# #.#
###...$..#9# #.# #.#
#........#.#####.###.###
..#.##.........9.......#
..#. #.#......o#.###.#.#
# #.#....##..o..<.(((


You could see a gargoyle and an orc.

Vanquished Creatures
  2 two-headed ogres (D:9)
  The ghost of kalagan the Thaumaturge, a novice DESu of Vehumet (D:9)
  The ghost of kae the Insei, a novice OpTm (D:5)
  A hippogriff (D:7)
  4 yaks
  A wraith (D:9)
  Grum (D:9)
  A hungry ghost (D:9)
  A soldier ant (D:10)
  A water moccasin (D:9)
  2 orc warriors
  3 ice beasts
  A sky beast (D:7)
  A necrophage (D:8)
  4 wolves (D:9)
  5 ogres
  A phantom (D:9)
  3 centaurs
  7 bullfrogs
  A wyvern skeleton (D:7)
  6 scorpions
  A troll zombie (D:9)
  2 killer bees (D:7)
  3 howler monkeys
  9 wights (D:7)
  7 crimson imps
  A bullfrog zombie (D:6)
  A centaur zombie (D:7)
  4 jellies (D:8)
  Crazy Yiuf (D:6)
  4 orc priests
  A centaur skeleton (D:10)
  4 hounds
  A bullfrog skeleton (D:5)
  Ijyb (D:4)
  8 orc wizards
  Natasha (thrice) (D:2)
  6 worker ants
  5 ogre zombies (D:9)
  A hound skeleton (D:9)
  2 worker ant zombies
  12 gnolls
  3 howler monkey skeletons
  12 adders
  7 oozes
  3 adder skeletons
  10 dart slugs (D:4)
  6 leopard geckos
  21 orcs
  6 giant cockroaches
  12 goblins
  9 hobgoblins
  14 jackals
  6 quokkas
  4 ball pythons
  6 bats
  4 frilled lizards
  A goblin skeleton (D:9)
  5 goblin zombies (D:9)
  2 hobgoblin zombies (D:9)
  12 kobolds
  A leopard gecko skeleton (D:5)
  A leopard gecko zombie (D:6)
  3 orc skeletons (D:9)
  8 orc zombies (D:9)
  8 rats
  A fungus (D:6)
290 creatures vanquished.

Vanquished Creatures (collateral kills)
  A killer bee (D:7)
  A worker ant (D:7)
2 creatures vanquished.

Grand Total: 292 creatures vanquished

Notes
Turn   | Place    | Note
-------+----------+-------------------------------------------
     0 | D:1      | fly the Ogre Wizard began the quest for the Orb.
     0 | D:1      | Reached XP level 1. HP: 16/16 MP: 5/5
    60 | D:1      | Reached skill level 1 in Conjurations
   209 | D:1      | Reached XP level 2. HP: 22/24 MP: 1/6
   747 | D:1      | Reached XP level 3. HP: 31/31 MP: 4/8
  1305 | D:1      | Learned a level 2 spell: Blink
  1309 | D:1      | Learned a level 3 spell: Mephitic Cloud
  1313 | D:1      | Learned a level 3 spell: Conjure Flame
  1426 | D:2      | Noticed Natasha
  1431 | D:2      | Killed Natasha
  1431 | D:2      | Reached XP level 4. HP: 15/39 MP: 3/10
  1700 | D:2      | Noticed Natasha
  1704 | D:2      | Noticed an ogre
  2128 | D:2      | Killed an ogre
  2128 | D:2      | Reached skill level 5 in Spellcasting
  2128 | D:2      | Reached XP level 5. HP: 45/45 MP: 0/12
  2236 | D:2      | Found a blossoming altar of Fedhas.
  2661 | D:2      | Found a hide-covered altar of Uskayaw.
  2834 | D:2      | Killed Natasha
  2858 | D:2      | Noticed Natasha
  2900 | D:2      | Killed Natasha
  2900 | D:2      | Reached XP level 6. HP: 32/53 MP: 0/14
  3412 | D:3      | Found a burning altar of Makhleb.
  3444 | D:3      | Found a shattered altar of Ashenzari.
  3813 | D:3      | Found a sacrificial altar of Ru.
  3814 | D:3      | Found an iron altar of Okawaru.
  3815 | D:3      | Found a bloodstained altar of Trog.
  3817 | D:3      | Found a glowing golden altar of the Shining One.
  3817 | D:3      | Found a deep blue altar of Sif Muna.
  3882 | D:3      | Found an opulent altar of Gozag.
  4408 | D:3      | Became a worshipper of Warmaster Okawaru
  4484 | D:4      | Found a staircase to the Ecumenical Temple.
  4492 | Temple   | Entered the Ecumenical Temple
  4616 | D:4      | Reached skill level 5 in Conjurations
  4616 | D:4      | Reached XP level 7. HP: 59/59 MP: 2/16
  5150 | D:4      | Noticed Ijyb
  5156 | D:4      | Killed Ijyb
  5936 | D:4      | Found Piv Atas's Antique Armour Emporium.
  5944 | D:4      | Bought a runed robe for 111 gold pieces
  6547 | D:5      | Entered Level 5 of the Dungeon
  6880 | D:5      | Reached XP level 8. HP: 67/67 MP: 17/17
  7224 | D:5      | Noticed kae's ghost (novice OpTm)
  7241 | D:5      | Killed kae's ghost
  7241 | D:5      | Reached * piety under Okawaru
  7241 | D:5      | Reached skill level 5 in Dodging
  8643 | D:6      | Found a glowing silver altar of Zin.
  8769 | D:6      | Reached skill level 5 in Fighting
  8818 | D:6      | Reached ** piety under Okawaru
  8818 | D:6      | Reached XP level 9. HP: 87/89 MP: 18/18
  9750 | D:6      | Found a runed door.
  9754 | D:6      | Noticed Crazy Yiuf
  9759 | D:6      | Killed Crazy Yiuf
 10949 | D:7      | Found a sparkling altar of Nemelex Xobeh.
 10976 | D:7      | Found a hazy altar of Hepliaklqana.
 11011 | D:7      | Reached *** piety under Okawaru
 11196 | D:7      | Reached XP level 10. HP: 104/104 MP: 12/19
 11449 | D:7      | Found an ancient bone altar of Kikubaaqudgha.
 12523 | D:8      | Reached skill level 10 in Fighting
 12597 | D:9      | Noticed a two-headed ogre
 12600 | D:9      | Noticed Grum
 12611 | D:9      | Killed a two-headed ogre
 12611 | D:9      | Reached **** piety under Okawaru
 12613 | D:9      | Killed Grum
 13193 | D:9      | Found a staircase to the Orcish Mines.
 13601 | D:9      | Noticed a two-headed ogre
 13667 | D:10     | Entered Level 10 of the Dungeon
 13739 | D:10     | Noticed a gargoyle
 13749 | D:10     | Noticed bmj180's ghost (journeyman HOFi)
 13973 | D:9      | Reached ***** piety under Okawaru
 14320 | D:10     | Reached XP level 11. HP: 107/117 MP: 24/24
 14728 | D:9      | Killed a two-headed ogre
 14728 | D:9      | Reached skill level 10 in Conjurations
 14773 | D:9      | Noticed kalagan's ghost (novice DESu)
 14789 | D:9      | Killed kalagan's ghost
 15468 | D:10     | Killed from afar by a gargoyle

Skill      XL: |  1  2  3  4  5  6  7  8  9 10 11 |
---------------+----------------------------------+-----
Conjurations   | 1 2 3 5 6 9 10 | 10.6
Spellcasting   | 4 5 6 9 |  9.0
Dodging        | 3 6 |  6.0
Fighting       | 5 8 10 | 10.0
Stealth        | |  1.4
Summonings     | |  0.8
Translocations | |  0.8

Action                   |  1- 3 |  4- 6 |  7- 9 | 10-12 || total
-------------------------+-------+-------+-------+-------++-------
Melee: Unarmed           |    13 |    24 |    23 |       ||    60
       Staff             |       |       |    72 |    28 ||   100
       Quarterstaff      |       |       |     3 |    78 ||    81
       Whip              |       |       |       |    31 ||    31
 Cast: Magic Dart        |    74 |   175 |   479 |   335 ||  1063
       Mephitic Cloud    |       |    11 |    18 |    12 ||    41
       Conjure Flame     |       |       |    20 |    41 ||    61
       Blink             |       |       |       |     8 ||     8
Evoke: Wand              |       |     4 |    10 |     6 ||    20
  Use: Scroll            |       |     4 |     4 |       ||     8
       Potion            |       |     2 |       |     2 ||     4
 Stab: Confused          |       |     1 |     1 |     2 ||     4
       Sleeping          |       |       |     1 |       ||     1
       Petrifying        |       |       |       |     1 ||     1
       Petrified         |       |       |       |     1 ||     1
  Eat: Chunk             |     1 |    10 |    16 |    13 ||    40
       Ration            |       |       |     2 |       ||     2
Armor: Robe              |    14 |    20 |    45 |    61 ||   140
Dodge: Dodged            |    16 |    42 |   128 |   150 ||   336
